Unix NetHack Version 5.0.0-0 post-release - last build May 31 2026 23:59:36 (970b52f25bf058293b47ddfd14a1e40e571c508c,branch:main).

Game began 2026-06-05 01:05:21, ended 2026-06-05 01:17:11.

Jobair, lawful female dwarven Archeologist

                                      ---                     ----
                                     --.------             ----..--     ----
                                     |...[...-----        --.|....|     |..--
                                     |...|.|..--.-----   --......--     |...--
                                     -<------........-----......--     --....|
                                    ..----- |..............|....----   |.....|
                                  ....--.d-----.....0.^--------....--- |.....|
                                .....--..B@.......|...--      |--....| |.....|
                              ...........------------..|      |......| |....--
                           |.............           ----      |......| |...--
                           --...........                      |-...--- --..|
                            |.......*...                      |....---- |-.--
                            |G.........                       |.......---...|
                           G...........                       ---..........--
                         |.....?......                          --....>..---
                         ---.......-..                           --......|
                           ---.... ..                             ----..-|
                             |...  ..                                --..|
                             --.- --                                  |..|
                              --                                      ----

Jobair the Field Worker    St:11 Dx:8 Co:13 In:16 Wi:16 Ch:13  Lawful
Dlvl:3  $:57 HP:0(25) Pw:8(8) AC:8  Xp:3 T:1340  Burdened

Latest messages:
 You reach out your arms and grab Godzilla.
 You pull Godzilla out of the pit.
 Godzilla misses the gnome.
 Godzilla bites the gnome.
 The gnome is killed!
 Godzilla eats a gnome corpse.
 You swap places with Godzilla.
 You have a little trouble lifting C - 8 arrows (in quiver) (21 in total).
 F - a bow.
 You swap places with Godzilla.
 Godzilla bites the gnome.
 The gnome misses Godzilla.
 Godzilla bites the gnome.
 The gnome is killed!
 You see here a flute.
 You have a little trouble lifting G - a flute.
 You stop.  Godzilla is in the way!
 You swap places with Godzilla.
 You begin bashing monsters with your bow.
 You hit the lichen.
 a - a +2 bullwhip (weapon in right hand).
 D - a bow (alternate weapon; not wielded).
 Godzilla misses the giant bat.
 The giant bat just misses!
 The giant bat bites!
 Godzilla bites the giant bat.
 The giant bat misses Godzilla.
 The giant bat bites!
 Pick a monster, object or location.
 You lash the giant bat.
 The giant bat just misses!
 Godzilla bites the giant bat.
 The giant bat bites!
 You miss the giant bat.
 The giant bat bites!
 Godzilla misses the giant bat.
 The giant bat bites!
 Godzilla bites the giant bat.
 Godzilla bites the giant bat.
 The giant bat misses Godzilla.
 The giant bat bites!
 The giant bat bites!
 Godzilla misses the giant bat.
 The giant bat bites!
 You die...
 Do you want your possessions identified? [ynq] (y) y
 Do you want to see your attributes? [ynq] (y) y
 Do you want an account of creatures vanquished? [ynaq] (y) y
 Do you want to see your conduct and achievements? [ynq] (y) y
 Do you want to see the dungeon overview? [ynq] (y) y

Inventory:
 Coins    ('$')
  $ - 57 gold pieces
 Weapons  (')')
  C - 21 +0 arrows (in quiver)
  F - a blessed +1 bow
  D - a +0 bow (alternate weapon; not wielded)
  B - a +0 dagger
  a - a +2 bullwhip (weapon in right hand)
 Armor    ('[')
  c - an uncursed +0 fedora (being worn)
  v - an uncursed +0 pair of jumping boots (being worn)
  k - an uncursed fireproof +0 orcish cloak (being worn)
  h - an uncursed +0 leather jacket (being worn)
 Comestibles  ('%')
  z - an uncursed cram ration
  d - 4 uncursed food rations
  o - an uncursed pear
  p - an uncursed tripe ration
  s - an uncursed tin of broiled lichen
 Scrolls  ('?')
  j - an uncursed scroll of confuse monster
  q - an uncursed scroll of destroy armor
  x - an uncursed scroll of remove curse
  E - an uncursed scroll of teleportation
 Spellbooks  ('+')
  A - an uncursed spellbook of blank paper
 Potions  ('!')
  t - 2 uncursed potions of healing
  r - a cursed potion of paralysis
  w - an uncursed potion of polymorph
  u - an uncursed potion of speed
 Wands    ('/')
  n - a wand of polymorph (0:5)
 Tools    ('(')
  b - an uncursed sack containing 1 item
  G - a magic flute (0:7)
  l - an uncursed skeleton key
  i - an uncursed tin opener
  f - a tinning kit (0:97)
 Gems/Stones  ('*')
  y - an uncursed worthless piece of yellow glass
  g - an uncursed touchstone

Contents of the sack:
  a +0 pick-axe

Jobair the Archeologist's attributes:

Background:
 You were a Field Worker, a level 3 female dwarven Archeologist.
 You were lawful, nominally on a mission for Quetzalcoatl
 who was opposed by Camaxtli (neutral) and Huhetotl (chaotic).
 You were right-handed.
 You were in the Gnomish Mines, on level 3.
 You entered the dungeon 1340 turns ago.
 It was nighttime.
 You had 57 experience points, 23 more were needed to attain level 4.

Basics:
 You had 0 out of 25 hit points.
 You had all 8 energy points (spell power).
 Your armor class was 8.
 Your wallet contained 57 zorkmids.
 Autopickup was off.

Final Characteristics:
 Your strength was 11 (limit:18/100).
 Your dexterity was 8 (limit:20).
 Your constitution was 13 (limit:20).
 Your intelligence was 16 (limit:16).
 Your wisdom was 16 (limit:16).
 Your charisma was 13 (limit:16).

Final Status:
 You weren't hungry.
 You were burdened; movement was slightly slowed.
 You were wielding a whip.
 You had basic skill with whip.

Final Attributes:
 You were devoutly aligned.
 You had automatic searching.
 You had infravision.
 You could jump.
 You were warded.
 You were lucky.
 You are dead.

Miscellaneous:
 You didn't encounter any bones levels.
 Total elapsed playing time was 11 minutes and 49 seconds.

Major events:
 Turn
    1: Jobair the lawful female dwarven Archeologist entered the dungeon
  756: attained the rank of Field Worker (level 3)
 1099: entered the Gnomish Mines
 1340: killed by a giant bat

You didn't know any spells.

Skills:
 Fighting Skills
   bare handed combat [Unskilled]
   two weapon combat  [Unskilled]
   riding             [Unskilled]
 Weapon Skills
   dagger             [Unskilled]
   knife              [Unskilled]
   pick-axe           [Basic]
   short sword        [Unskilled]
   saber              [Unskilled]
   club               [Unskilled]
   quarterstaff       [Unskilled]
   sling              [Unskilled]
   dart               [Unskilled]
   boomerang          [Unskilled]
   whip               [Basic]
   unicorn horn       [Unskilled]
 Spellcasting Skills
   attack spells      [Unskilled]
   healing spells     [Unskilled]
   divination spells  [Unskilled]
   matter spells      [Unskilled]

Voluntary challenges:
 Character rerolling was not enabled.
 You were an atheist.
 You never genocided any monsters.
 You never polymorphed an object.
 You never changed form.
 You used no wishes.
Achievements:
 You entered a shop.
 You attained the rank of Field Worker.
 You entered the Gnomish Mines.

 The Dungeons of Doom: levels 1 to 3
    Level 1:
    Level 2:
       A general store, some fountains, a sink, a grave.
       Stairs down to The Gnomish Mines.
    Level 3:
 The Gnomish Mines:
    Level 3: <- You were here.
       Final resting place for
          you, killed by a giant bat.


Vanquished creatures:
  a floating eye
  2 coyotes
  a hobbit
  a yellow mold
  5 gnomes
  3 geckos
  4 jackals
  a fox
  a kobold
  a goblin
  a sewer rat
  6 grid bugs
  3 lichens
  2 newts
32 creatures vanquished.

No species were genocided or became extinct.

Game over:
                       ----------
                      /          \
                     /    REST    \
                    /      IN      \
                   /     PEACE      \
                  /                  \
                  |      Jobair      |
                  |      57 Au       |
                  |   killed by a    |
                  |    giant bat     |
                  |                  |
                  |                  |
                  |       2026       |
                 *|     *  *  *      | *
        _________)/\\_//(\/(/\)/\//\/|_)_______

Goodbye Jobair the Archeologist...

You died in The Gnomish Mines on dungeon level 3 with 380 points,
and 57 pieces of gold, after 1340 moves.
You were level 3 with a maximum of 25 hit points when you died.

